 Dungeon Crawl Stone Soup version 0.31-a0-844-gdc52ec4e09 (webtiles) character file.

Game seed: 10982877103046916042

8862 Armakuni the Basher (level 11, -3/79 HPs)
             Began as a Human Fighter on Sept 27, 2023.
             Was an Elder of Vehumet.
             Slain by an ettin
             ... wielding a +0 dire flail
              (26 damage)
             ... on level 1 of the Orcish Mines on Sept 30, 2023.
             The game lasted 00:25:15 (8954 turns).

Armakuni the Basher (Human Fighter)                 Turns: 8954, Time: 00:25:16

Health: -3/79      AC: 10    Str: 24    XL:     11   Next: 63%
Magic:  18/18      EV: 13    Int: 12    God:    Vehumet [****..]
Gold:   545        SH:  5    Dex: 12    Spells: 16/20 levels left

rFire   . . .        a - +5 flail (freeze)
rCold   . . .        c - +0 buckler
rNeg    . . .        w - +0 steam dragon scales
rPois   .            l - +2 hat
rElec   .            e - +0 cloak
rCorr   .            j - +0 pair of gloves
SInv    .            (no boots)
Will    .....        A - amulet of the acrobat
Stlth   +            V - +6 ring of strength
HPRegen 0.33/turn    (no ring)
MPRegen 0.16/turn

%: acrobat
@: no status effects
A: no striking features
a: Renounce Religion


You were on level 1 of the Orcish Mines.
You worshipped Vehumet.
Vehumet was greatly pleased with you.
You visited 3 branches of the dungeon, and saw 11 of its levels.

You collected 545 gold pieces.

Inventory:

Hand Weapons
 a - a +5 flail of freezing (weapon)
 b - a +6 mace of draining
 z - the +6 shillelagh "Devastator" {shatter}
   (You found it on level 9 of the Dungeon)
Armour
 c - a +0 buckler (worn)
 e - a +0 cloak (worn)
 j - a +0 pair of gloves (worn)
 l - a +2 hat (worn)
 m - an orb of energy
 w - +0 steam dragon scales (worn)
Magical Staves
 o - a staff of poison
Jewellery
 A - an amulet of the acrobat (around neck)
 F - a ring of fire
 L - a ring of flight
 V - a +6 ring of strength (left hand)
Talismans
 d - a talisman of death
Wands
 g - a wand of flame (6)
 p - a wand of polymorph (8)
Scrolls
 i - a scroll of enchant armour
 k - 2 scrolls of fog
 n - a scroll of revelation
 y - a scroll of identify
Potions
 h - 2 potions of curing
 q - a potion of enlightenment
 u - a potion of magic
 C - a potion of heal wounds {unknown}
Miscellaneous
 t - a tin of tremorstones (1/2)


   Skills:
 - Level 5.0 Fighting
 - Level 12.0 Maces & Flails
 - Level 5.0 Armour
 - Level 5.0 Dodging
 - Level 4.0 Shields
 - Level 5.0 Spellcasting
 + Level 4.5 Conjurations
 - Level 4.0 Fire Magic
 - Level 5.0 Evocations


You had 16 spell levels left.
You knew the following spells:

 Your Spells              Type           Power      Damage    Failure   Level
s - Sticky Flame          Conj/Fire      13%        2d4       11%         4

Your spell library contained the following spells:

 Spells                   Type           Power      Damage    Failure   Level
 Irradiate                Conj/Tmut      4%         3d13      52%         5
 Inner Flame              Hex/Fire       7%         N/A       9%          3
 Flame Wave               Conj/Fire      13%        2d6       11%         4
 Summon Forest            Summ/Tloc      1%         N/A       100%        5
 Summon Mana Viper        Hex/Summ       3%         N/A       100%        5
 Summon Cactus Giant      Summ           1%         N/A       100%        6


Dungeon Overview and Level Annotations

Branches:
Dungeon (9/15)             Temple (1/1) D:4             Orc (1/2) D:9
   Lair: D:8-11

Altars:
Ashenzari
Cheibriados
Dithmenos
Elyvilon
Fedhas
Gozag
Hepliaklqana
Kikubaaqudgha
Makhleb
Nemelex Xobeh
Okawaru
Qazlal
Ru
Sif Muna
Trog
Uskayaw
Vehumet
Wu Jian
Xom
Yredelemnul

Shops:
D:1 :   D:4 (

Annotations:
D:5 3 runed translucent doors, BURZUM666's ghost, amateur MiHu; Cris's ghost, novice DsAE


Message History

The orc priest hits you but does no damage.
You hit the ogre. You freeze the ogre.
The ogre is moderately wounded.
The ogre misses you.
You barely miss the ogre.
The ogre is moderately wounded.
The orc priest mumbles some strange prayers to Beogh against you.
Pain shoots through your body!
You barely miss the ogre.
The ogre is moderately wounded.
The ogre closely misses you.
The orc priest hits you but does no damage.
You sock the ogre! You freeze the ogre.
The ogre is almost dead.
The orc priest hits you but does no damage.
The ogre barely misses you.
You hit the ogre. You freeze the ogre.
You kill the ogre!
Vehumet accepts your kill.
The orc priest hits you but does no damage.
You sock the orc priest! You freeze the orc priest.
You kill the orc priest!
Vehumet accepts your kill.
No target in view!
No target in view!
Unknown command.
You start resting.
HP restored.
You climb downwards.
Welcome back to the Orcish Mines!
You block the ettin's attack.
The ettin hits you with a +0 dire flail!
You block the ogre's attack. The ogre hits you with a +0 giant club!
The cyclops throws a large rock.
The large rock closely misses you.
There is a staircase back to the Dungeon, spattered with blood here.
You sock the ettin! You freeze the ettin.
The ettin is moderately wounded.
The ettin hits you with a +0 dire flail!!
* * * LOW HITPOINT WARNING * * *
The ettin hits you with a +0 dire flail!!
You die...

...#.$# ##
....#P.#.###
.........#.###
.............#.
.......(.......
...............
.....C..O..$...
.......@C......
......O........
...............
...............
........$o.....
..$............
...............
...............


You could see an ettin, a cyclops, 2 ogres and an orc wizard.

Vanquished Creatures
  3 two-headed ogres
  2 ugly things (D:7)
  A cyclops (Orc:1)
  A gargoyle (D:9)
  A rime drake (D:8)
  An unseen horror zombie (D:8)
  Grinder (D:4)
  2 slime creatures (D:7)
  A vampire (D:7)
  A wraith (D:7)
  A basilisk (D:7)
  2 steam dragons
  An acid dragon (D:7)
  A water moccasin (D:9)
  3 orc warriors (D:9)
  2 ice beasts (D:5)
  3 black bears
  2 ogres
  4 centaurs
  A kobold brigand (D:9)
  A bullfrog (D:6)
  3 scorpions
  15 wights
  3 killer bees (D:9)
  4 centaur zombies (D:8)
  6 orc priests
  5 hounds
  5 jellies
  2 gnoll boudas
  Terence (D:3)
  9 orc wizards
  2 sleepcaps (D:6)
  4 iguanas
  A killer bee zombie (D:8)
  A howler monkey zombie (D:8)
  6 adders
  4 gnolls (D:8)
  2 shadow imps
  A white imp (D:8)
  2 dart slugs
  34 orcs
  7 endoplasms
  5 giant cockroaches
  14 hobgoblins
  3 jackals (D:2)
  5 quokkas
  6 ball pythons
  7 bats
  5 frilled lizards
  13 goblins
  8 kobolds
  5 rats
223 creatures vanquished.

Notes
Turn   | Place    | Note
-------+----------+-------------------------------------------
     0 | D:1      | Armakuni the Human Fighter began the quest for the Orb.
     0 | D:1      | Reached XP level 1. HP: 18/18 MP: 1/1
   234 | D:1      | Found Omerul's Book Shop.
   262 | D:1      | Reached XP level 2. HP: 24/24 MP: 2/2
   552 | D:2      | Reached skill level 3 in Maces & Flails
   592 | D:2      | Reached XP level 3. HP: 29/29 MP: 3/3
   664 | D:2      | Identified the +1 pair of gloves "Porura Fooph" {-Tele
                  | Rampage Stlth+}
   858 | D:2      | Identified the +3 leather armour "Ife Lif" {rPois rCorr
                  | Slay-4}
  1169 | D:2      | Reached skill level 4 in Maces & Flails
  1169 | D:2      | Reached XP level 4. HP: 30/35 MP: 4/4
  1248 | D:2      | Found a faded altar of an unknown god.
  1477 | D:3      | Found a large runed translucent door.
  1477 | D:3      | Found a large runed translucent door.
  1619 | D:3      | Noticed Terence
  1636 | D:3      | Killed Terence
  1637 | D:3      | Reached XP level 5. HP: 28/41 MP: 5/5
  1863 | D:3      | Found a basalt altar of Yredelemnul.
  2034 | D:3      | Found a hide-covered altar of Uskayaw.
  2038 | D:3      | Reached skill level 5 in Maces & Flails
  2041 | D:3      | Found a shadowy altar of Dithmenos.
  2102 | D:4      | Found a staircase to the Ecumenical Temple.
  2112 | Temple   | Entered the Ecumenical Temple
  2126 | Temple   | Became a worshipper of Vehumet
  2438 | D:4      | Reached XP level 6. HP: 47/47 MP: 6/6
  2649 | D:4      | Found Suush's Weapon Boutique.
  2675 | D:4      | Noticed Grinder
  2697 | D:4      | Reached skill level 6 in Maces & Flails
  2699 | D:4      | Paralysed by Grinder for 3 turns
  2703 | D:4      | Killed Grinder
  2704 | D:4      | Reached skill level 7 in Maces & Flails
  2704 | D:4      | Reached XP level 7. HP: 34/52 MP: 7/7
  2986 | D:5      | Entered Level 5 of the Dungeon
  3288 | D:5      | Reached * piety under Vehumet
  3288 | D:5      | Offered knowledge of Foxfire by Vehumet.
  3289 | D:5      | Reached skill level 8 in Maces & Flails
  3498 | D:5      | Reached XP level 8. HP: 54/58 MP: 8/8
  3798 | D:5      | Found a runed translucent gate.
  3798 | D:5      | Found a runed translucent gate.
  3799 | D:5      | Found a runed translucent gate.
  3800 | D:5      | Noticed Cris's ghost (novice DsAE)
  3800 | D:5      | Noticed BURZUM666's ghost (amateur MiHu)
  3802 | D:5      | Upgraded the game from 0.31-a0-841-g038b102fc3 to
                  | 0.31-a0-844-gdc52ec4e09
  4138 | D:6      | Reached skill level 9 in Maces & Flails
  4236 | D:6      | Reached skill level 10 in Maces & Flails
  4865 | D:7      | Noticed a white ugly thing
  4865 | D:7      | Noticed a basilisk
  4865 | D:7      | Noticed a slime creature
  4865 | D:7      | Noticed a wraith
  4865 | D:7      | Noticed a slime creature
  4866 | D:7      | Noticed a brown ugly thing
  4866 | D:7      | Noticed a two-headed ogre
  4866 | D:7      | Noticed a vampire
  4872 | D:7      | Reached XP level 9. HP: 63/63 MP: 9/9
  4874 | D:7      | Reached skill level 11 in Maces & Flails
  4878 | D:7      | Killed a white ugly thing
  4887 | D:7      | Reached skill level 12 in Maces & Flails
  5092 | D:6      | Reached ** piety under Vehumet
  5092 | D:6      | Offered knowledge of Magic Dart by Vehumet.
  5097 | D:6      | Reached skill level 1 in Dodging
  5532 | D:7      | Killed a two-headed ogre
  5533 | D:7      | Reached XP level 10. HP: 31/73 MP: 10/10
  5550 | D:7      | Killed a purple ugly thing
  5551 | D:7      | Reached skill level 5 in Fighting
  5551 | D:7      | Reached skill level 5 in Armour
  5691 | D:7      | Identified the +4 quarterstaff of Obanliso {vamp, Str+2}
  5715 | D:7      | Reached skill level 5 in Dodging
  5715 | D:7      | Reached skill level 1 in Evocations
  5808 | D:7      | Identified the +0 plate armour of the Untouchables
                  | {Rampage}
  6032 | D:7      | Offered knowledge of Scorch by Vehumet.
  6436 | D:8      | a hornet changed into a rime drake
  6436 | D:8      | Noticed a rime drake
  6439 | D:8      | Killed a rime drake
  6440 | D:8      | Reached skill level 5 in Evocations
  6440 | D:8      | Reached skill level 1 in Spellcasting
  6445 | D:8      | Learned a level 4 spell: Sticky Flame
  6542 | D:8      | Reached *** piety under Vehumet
  6611 | D:8      | Reached skill level 1 in Conjurations
  6611 | D:8      | Reached skill level 1 in Fire Magic
  6638 | D:8      | Offered knowledge of Brom's Barrelling Boulder by Vehumet.
  6745 | D:8      | Found an opulent altar of Gozag.
  6750 | D:8      | Reached XP level 11. HP: 71/78 MP: 12/12
  7650 | D:9      | Reached **** piety under Vehumet
  8004 | D:9      | Found a staircase to the Orcish Mines.
  8087 | D:9      | Found the +6 shillelagh "Devastator" {shatter}
  8088 | D:9      | Noticed a two-headed ogre
  8089 | D:9      | Noticed a two-headed ogre
  8102 | D:9      | Killed a two-headed ogre
  8301 | D:8      | Offered knowledge of Irradiate by Vehumet.
  8316 | D:9      | Killed a two-headed ogre
  8690 | Orc:1    | Entered Level 1 of the Orcish Mines
  8690 | Orc:1    | Noticed a cyclops
  8693 | Orc:1    | Killed a cyclops
  8693 | Orc:1    | Noticed a cyclops
  8694 | Orc:1    | Reached skill level 5 in Spellcasting
  8827 | Orc:1    | Noticed an ettin
  8954 | Orc:1    | Slain by an ettin

Illustrated notes

Levels and vault maps discovered:
D:1:      dpeg_arrival_rooms_a, layout_basic, serial_shops,
          nicolae_shop_real_fake_doors
D:2:      layout_basic, dreamdust_ecumenical_altar_angels_and_demons
D:3:      layout_rooms, mainiacjoe_overflow_alcove_2, jmf_multi_god_temple2,
          feat_on_display, uniq_terence
D:4:      kennysheep_the_goblin_king, layout_gridville,
          minmay_temple_entry_mini_moons, serial_shops, shop,
          nicolae_letterblocks [nicolae_letter_subblock,
          nicolae_letter_subblock, nicolae_letter_subblock,
          nicolae_letter_subblock, nicolae_letter_subblock,
          nicolae_letter_subblock, nicolae_letter_subblock,
          nicolae_letter_subblock, nicolae_letter_subblock,
          nicolae_letter_subblock, nicolae_letter_subblock,
          nicolae_letter_subblock, nicolae_letter_subblock,
          nicolae_letter_subblock, nicolae_letter_subblock,
          nicolae_letter_subblock, nicolae_letter_subblock,
          nicolae_letter_subblock, nicolae_letter_subblock,
          nicolae_letter_subblock, nicolae_letter_subblock,
          nicolae_letter_subblock, nicolae_letter_subblock,
          nicolae_letter_subblock, nicolae_letter_subblock], uniq_grinder
D:5:      corexii_shack_village, layout_loops_ring, gammafunk_ghost_cemetery
D:6:      layout_loops_ring, minmay_misc_feat_roman
D:7:      minmay_the_grid_octo_triangle [minmay_the_grid_octo_chip,
          minmay_the_grid_octo_prize_square_snowflake,
          minmay_the_grid_octo_odd_swirl], layout_basic
D:8:      layout_loops_ring, grunt_gozag_breadcrumbs, serial_undead,
          serial_undead_a, serial_undead_b, serial_undead_b, serial_undead_a,
          dreamdust_wishing_well
D:9:      layout_roguey, orc_0_dummy, dilly_guarded_unrand_devastator
Temple:   lightli_temple_of_artemis
Orc:1:    giant_chief_lemuel, layout_caves, serial_shops

Skill      XL: |  1  2  3  4  5  6  7  8  9 10 11 |
---------------+----------------------------------+-----
Maces & Flails | 3 4 5 7 8 10 12 | 12.0
Fighting       | 4 5 |  5.0
Dodging        | 3 5 |  5.0
Armour         | 4 5 |  5.0
Shields        | 4 |  4.0
Evocations     | 5 |  5.0
Spellcasting   | 1 5 |  5.0
Conjurations   | 1 4 |  4.5
Fire Magic     | 1 4 |  4.0

Action                     |  1- 3 |  4- 6 |  7- 9 | 10-12 || total
---------------------------+-------+-------+-------+-------++-------
  Melee: Flail             |   112 |   144 |   264 |   269 ||   789
  Evoke: Wand              |       |       |     8 |     9 ||    17
         Tin of tremorston |       |       |       |     2 ||     2
    Use: Scroll            |     2 |     3 |     5 |     1 ||    11
         Potion            |       |     5 |     8 |       ||    13
   Stab: Invisible         |       |     4 |     9 |       ||    13
 Armour: Scale mail        |   101 |    90 |   175 |    41 ||   407
         Steam dragon scal |       |       |       |   147 ||   147
  Dodge: Dodged            |    60 |    77 |   118 |   157 ||   412
  Block: Buckler           |    33 |    28 |    48 |    47 ||   156

Table legend: (Time is in decaauts)
 A = Elapsed time spent in this place.
 B = Non-inter-level travel time spent in this place.
 C = Inter-level travel time spent in this place.
 D = Time resting spent in this place.
 E = Time spent auto-exploring this place.
 F = Levels seen in this place.
 G = Mean time per level.
                   A        B        C        D        E       F      G
               +--------+--------+--------+--------+--------+-----+--------+
         Total |   8993 |   8659 |    334 |   1601 |   5087 |  11 |  817.5 |
       Dungeon |   8947 |   8626 |    321 |   1601 |   5087 |   9 |  994.1 |
        Temple |     28 |     15 |     13 |      0 |      0 |   1 |   28.0 |
  Orcish Mines |     16 |     16 |      0 |      0 |      0 |   1 |   16.0 |
               +--------+--------+--------+--------+--------+-----+--------+

Top non-repeatable levels by time:
     D:6: 1353 daAuts
     D:9: 1254 daAuts
     D:7: 1146 daAuts
     D:8: 1121 daAuts
     D:4: 995 daAuts
     D:5: 931 daAuts
     D:2: 880 daAuts
     D:3: 744 daAuts
     D:1: 522 daAuts
  Temple: 28 daAuts
   Orc:1: 16 daAuts
